 Dungeon Crawl Stone Soup version 0.27.1-33-g824d729ab1 (webtiles) character file.

Game seed: 17130467122381708439

13773 pkoi the Grappler (level 11, -2/82 HPs)
             Began as a Black Draconian Transmuter on Nov 30, 2021.
             Was a Priest of Hepliaklqana.
             Slain by a two-headed ogre (4 damage)
             ... on level 9 of the Dungeon.
             The game lasted 00:19:08 (14067 turns).

pkoi the Grappler (Black Draconian Transmuter)     Turns: 14067, Time: 00:19:09

Health: -2/82      AC:  8    Str: 14    XL:     11   Next: 80%
Magic:  10/14      EV: 10    Int: 18    God:    Hepliaklqana [***...]
Gold:   427        SH:  5    Dex: 11    Spells: 1/15 levels left

rFire    x . .     SeeInvis .     - Unarmed
rCold    + + +     Faith    .   (shield currently unavailable)
rNeg     . . .     Spirit   .   (armour unavailable)
rPois    +         Reflect  +   (helmet currently unavailable)
rElec    .         Harm     .   (cloak currently unavailable)
rCorr    .         Rampage  .   (gloves currently unavailable)
Will     .....     Rnd*Rage +   (boots currently unavailable)
Stlth    +.........             o - amulet of reflection
HPRegen  0.23/turn              c - ring of protection from cold
MPRegen  0.14/turn              (no ring)

@: lethally poisoned (-2 -> -6), ice-form
A: freezing attack, amphibious, boosted hp, reduced essence, (breathe
lightning), AC +7, large, unfitting armour, (electricity resistance),
(cold-blooded), berserk 1, clever 1
a: End Transformation, Renounce Religion, Recall Ancestor, Ancestor Identity,
Transference


You were on level 9 of the Dungeon.
You worshipped Hepliaklqana.
Hepliaklqana was most pleased with you.
You were a creature of crystalline ice.
You visited 2 branches of the dungeon, and saw 11 of its levels.
You also visited: Bailey.

You collected 499 gold pieces.
You spent 72 gold pieces at shops.

Inventory:

Hand Weapons
 j - a +2 whip of freezing
Missiles
 e - 2 throwing nets
 u - 82 boomerangs
Armour
 f - a +2 cloak (melded)
 g - a +0 pair of gloves (melded)
 i - a +0 pair of boots (melded)
 s - a +2 hat (melded)
Jewellery
 c - a ring of protection from cold (left front paw)
 o - an amulet of reflection (around neck)
Wands
 m - a wand of digging (7)
Scrolls
 b - 2 scrolls of amnesia
 q - a scroll of blinking
 t - 4 scrolls of identify
 w - 3 scrolls of teleportation
Potions
 a - 2 potions of resistance
 d - 3 potions of might
 h - a potion of curing
 k - 2 potions of lignification
 l - a potion of berserk rage
 n - a potion of haste
 p - 5 potions of cancellation
 v - 4 potions of heal wounds
 x - 2 potions of magic
 z - a potion of invisibility


   Skills:
 - Level 1.1 Fighting
 - Level 1.7 Dodging
 + Level 0.4 Stealth
 + Level 12.6 Unarmed Combat
 + Level 2.5 Spellcasting
 + Level 4.7 Conjurations
 + Level 0.3 Translocations
 + Level 9.1 Transmutations
 + Level 4.8 Fire Magic
 + Level 6.5 Ice Magic
 - Level 4.8 Poison Magic
 + Level 0.3 Invocations


You had one spell level left.
You knew the following spells:

 Your Spells              Type           Power      Damage    Failure   Level
a - Beastly Appendage     Tmut           70%        N/A       1%          1
b - Spider Form           Tmut/Pois      13%        N/A       3%          3
c - Ice Form              Ice/Tmut       30%        N/A       7%          4
d - Sticky Flame          Conj/Fire      19%        2d4       24%         4
e - Blink                 Tloc           N/A        N/A       22%         2

Your spell library contained the following spells:

 Spells                   Type           Power      Damage    Failure   Level
 Wereblood                Tmut           35%        N/A       1%          2
 Frozen Ramparts          Ice            50%        1d7       3%          3
 Ignite Poison            Fire/Tmut/Pois 24%        N/A       4%          3
 Conjure Flame            Conj/Fire      19%        6-21      8%          3
 Lesser Beckoning         Tloc           1%         N/A       41%         3
 Summon Ice Beast         Ice/Summ       14%        N/A       41%         4
 Manifold Assault         Tloc           3%         N/A       99%         5


Dungeon Overview and Level Annotations

Branches:
Dungeon (10/15)            Temple (1/1) D:5          Bailey (visited)
   Lair: D:8-11         Orc: D:9-12

Altars:
Ashenzari
Dithmenos
Elyvilon
Fedhas
Gozag
Hepliaklqana
Kikubaaqudgha
Makhleb
Nemelex Xobeh
Okawaru
Qazlal
Ru
Sif Muna
Trog
Uskayaw
Vehumet
Wu Jian
Xom
Yredelemnul
Zin
The Shining One

Shops:
D:4 !   D:7 [   D:9 *

Annotations:
D:3 1 runed translucent door, KittyFluff's ghost, amateur GrBe
D:4 1 runed translucent door, zeram's ghost, amateur OpBr


Innate Abilities, Weirdness & Mutations

You are a creature of crystalline ice.
You have a powerful freezing melee attack.
You are amphibious.
Your maximum health is increased.
Your armour is entirely melded.
You are incapable of wielding weapons or throwing items.
Your life essence is reduced to manifest your ancestor. (-10% HP)
((You can breathe wild blasts of lightning.))
((Your glossy black scales are hard. (AC +7)))
You cannot fit into any form of body armour.
((You are resistant to electric shocks. (rElec)))
((You are cold-blooded and may be slowed by cold attacks.))
You tend to lose your temper in combat.
Your mind is acute. (Int +2)


Message History

There is a stone staircase leading down here.
You climb downwards.
The two-headed ogre closely misses you.
The two-headed ogre hits you but does no damage.
There is a stone staircase leading up here.
Unknown command.
The two-headed ogre hits you with a +0 giant club!
You block the two-headed ogre's attack. The scorpion stings you.
You climb upwards.
There is a stone staircase leading down here.
Unknown command.
Casting: Ice Form (dangerous; 7% risk of failure)
Confirm with . or Enter, or press ? or * to list all spells.
You turn into a creature of crystalline ice.
Your +2 cloak melds into your body.
Your +2 hat melds into your body.
Your +0 pair of gloves melds into your body.
Your +0 pair of boots melds into your body.
The scorpion stings you but does no damage.
The two-headed ogre hits you with a +0 giant club!
The two-headed ogre misses you.
You hit the two-headed ogre but do no damage.
Tyka closely misses the scorpion.
The scorpion barely misses you.
You completely miss the two-headed ogre.
The scorpion stings you.
You are poisoned.
The scorpion poisons you!
The two-headed ogre hits you with a +0 giant club.
The two-headed ogre hits you with a +0 giant club!!
* * * LOW HITPOINT WARNING * * *
Tyka hits the scorpion with a +0 flail!
You barely miss the two-headed ogre.
You feel sick.
The scorpion stings you but does no damage.
Tyka hits the scorpion with a +0 flail.
Unknown command.
You hit the two-headed ogre. You freeze the two-headed ogre.
The two-headed ogre is lightly wounded.
You feel sick.
The two-headed ogre hits you with a +0 giant club!!
* * * LOW HITPOINT WARNING * * *
The two-headed ogre hits you with a +0 giant club.
You die...

.......########[)........##.###..
.##..#....##.....)......##..# #..
.###.####.##............#..## ###
.###.####........[........#######
............(.....[..............
.#........#......................
.....####........................
.............##..........########
...#.........##OY........#
#..##..#.#.#####Rs....##.##
#..##..#.#.# #.....##.....###
.........#.###.#...####.....#
.....#.....##.....## #####.#
.....#..#####.#...########R.#
.....#..# #..............##
.....#..# ##......#########
###..#### #.......#


You could see the friendly Tyka the knight, a two-headed ogre and a scorpion
(ally target).

Vanquished Creatures
  Pikel (D:4)
  Prince Ribbit (D:6)
  2 hornets (D:7)
  3 yaks (D:9)
  Eustachio (D:5)
  An ice beast (D:6)
  2 orc warriors
  2 black bears (D:5)
  2 ogres (D:5)
  A centaur (D:5)
  2 phantoms (D:6)
  3 lemures
  3 kobold brigands
  A bullfrog (D:10)
  2 gnoll sergeants
  2 scorpions
  2 wyvern skeletons
  4 killer bees (D:8)
  5 wights
  2 howler monkeys (D:7)
  A bullfrog zombie (D:5)
  A centaur zombie (D:9)
  2 gnoll shamans (D:5)
  A centaur skeleton (D:4)
  A bullfrog skeleton (D:5)
  5 hounds
  An iguana (D:4)
  4 orc wizards
  A killer bee zombie (D:8)
  2 hound skeletons (D:4)
  21 gnolls
  4 adders
  An ufetubus (D:7)
  A worm (D:4)
  A dart slug (D:1)
  27 orcs
  2 bats (D:2)
  6 endoplasms
  7 giant cockroaches
  11 goblins
  10 hobgoblins
  7 jackals
  30 kobolds
  4 quokkas
  8 ball pythons
  A frilled lizard (D:3)
  7 rats
209 creatures vanquished.

Vanquished Creatures (collateral kills)
  Gastronok (D:8)
  A deep elf pyromancer (D:9)
  A shadow (D:9)
  A wyvern (D:8)
  2 acid dragons
  A black bear (D:8)
  A sky beast (D:6)
  2 centaurs
  A kobold brigand (D:8)
  A bullfrog (D:6)
  4 wights (D:7)
  A howler monkey (D:7)
  A centaur skeleton (D:7)
  A killer bee zombie (D:7)
  8 gnolls
  2 adders (D:6)
  A shadow imp (D:6)
  A white imp (D:7)
  3 orcs
  A hobgoblin (Bailey)
  A goblin (D:8)
  12 kobolds
48 creatures vanquished.

Vanquished Creatures (others)
  A knight (D:10)
  3 fungi (D:10)
  3 plants
7 creatures vanquished.

Grand Total: 264 creatures vanquished

Notes
Turn   | Place    | Note
-------+----------+-------------------------------------------
     0 | D:1      | pkoi the Draconian Transmuter began the quest for the Orb.
     0 | D:1      | Reached XP level 1. HP: 16/16 MP: 3/3
   327 | D:1      | Reached XP level 2. HP: 23/23 MP: 3/5
   505 | D:1      | Found a faded altar of an unknown god.
   893 | D:2      | Reached XP level 3. HP: 16/28 MP: 6/6
  2251 | D:3      | Reached skill level 4 in Unarmed Combat
  2560 | D:3      | Reached XP level 4. HP: 35/35 MP: 7/7
  2803 | D:3      | Found a runed translucent door.
  2803 | D:3      | Noticed KittyFluff's ghost (amateur GrBe)
  3243 | D:4      | Found a hazy altar of Hepliaklqana.
  3252 | D:4      | Noticed a lemure
  3257 | D:4      | Became a worshipper of Hepliaklqana the Forgotten
  3282 | D:4      | Killed a lemure
  3436 | D:3      | Learned a level 3 spell: Spider Form
  3496 | D:4      | Noticed a scorpion
  3505 | D:4      | Killed a scorpion
  3506 | D:4      | Reached skill level 1 in Poison Magic
  3506 | D:4      | Reached XP level 5. HP: 35/40 MP: 4/8
  3510 | D:4      | Noticed Pikel
  3510 | D:4      | Noticed a lemure
  3510 | D:4      | Noticed a lemure
  3510 | D:4      | Noticed a lemure
  3545 | D:3      | Killed a lemure
  3770 | D:4      | Found Myokarr's Distillery.
  3795 | D:4      | Reached XP level 6. HP: 40/47 MP: 9/9
  3848 | D:4      | Bought a potion of curing for 39 gold pieces
  4096 | D:4      | Reached skill level 5 in Unarmed Combat
  4116 | D:4      | Found a runed translucent door.
  4118 | D:4      | Noticed zeram's ghost (amateur OpBr)
  4422 | D:4      | Killed Pikel
  4423 | D:4      | Reached skill level 5 in Transmutations
  4423 | D:4      | Your scales start taking on a glossy black colour.
  4423 | D:4      | Reached XP level 7. HP: 36/52 MP: 7/10
  4423 | D:4      | Gained mutation: You are resistant to electric shocks.
                  | (rElec) [Black Draconian growth]
  4553 | D:5      | Entered Level 5 of the Dungeon
  4569 | D:5      | Reached skill level 6 in Unarmed Combat
  4624 | D:5      | Found a staircase to the Ecumenical Temple.
  4957 | D:5      | Noticed Eustachio
  4972 | D:5      | Killed Eustachio
  4973 | D:5      | Reached XP level 8. HP: 17/59 MP: 8/11
  5295 | D:5      | HP: 1/59 [gnoll sergeant/stone (2)]
  5756 | D:5      | Learned a level 4 spell: Ice Form
  5795 | Temple   | Entered the Ecumenical Temple
  6029 | D:5      | Reached skill level 1 in Ice Magic
  6547 | D:5      | Reached skill level 7 in Unarmed Combat
  7664 | D:5      | Reached * piety under Hepliaklqana
  7983 | D:6      | Noticed Prince Ribbit
  7999 | D:6      | Killed Prince Ribbit
  8000 | D:6      | Reached XP level 9. HP: 47/57 MP: 7/12
  8214 | D:6      | Learned a level 4 spell: Sticky Flame
  8337 | D:6      | Reached skill level 8 in Unarmed Combat
  8407 | D:6      | Reached skill level 1 in Conjurations
  8407 | D:6      | Reached skill level 1 in Fire Magic
  8552 | D:6      | Found a shimmering blue altar of Sif Muna.
  9086 | D:7      | Gained mutation: You tend to lose your temper in combat.
                  | [potion of mutation]
  9086 | D:7      | Gained mutation: Your mind is acute. (Int +2) [potion of
                  | mutation]
  9450 | D:7      | Reached ** piety under Hepliaklqana
  9456 | D:7      | Remembered your ancestor Tyka as a knight
  9643 | D:7      | Found a radiant altar of Vehumet.
  9842 | D:7      | Reached skill level 5 in Ice Magic
  9890 | D:7      | Found Bois's Armour Boutique.
 10557 | D:8      | Reached XP level 10. HP: 63/63 MP: 8/13
 10643 | D:8      | Noticed Gastronok
 10659 | D:8      | Killed Gastronok
 10660 | D:8      | Reached skill level 9 in Unarmed Combat
 10995 | D:8      | Reached *** piety under Hepliaklqana
 11000 | D:8      | Found a flagged portal.
 11016 | Bailey   | Entered a bailey
 11547 | Bailey   | Reached skill level 12 in Unarmed Combat
 11547 | Bailey   | Reached XP level 11. HP: 69/69 MP: 14/14
 12475 | D:9      | Noticed a deep elf pyromancer
 12864 | D:9      | Killed a deep elf pyromancer
 12968 | D:9      | Found Mozoisyv's General Store.
 12979 | D:9      | Learned a level 2 spell: Blink
 12981 | D:9      | Bought a scroll of teleportation for 33 gold pieces
 13615 | D:10     | Entered Level 10 of the Dungeon
 13631 | D:10     | Noticed a two-headed ogre
 14067 | D:9      | HP: 2/82 [two-headed ogre (18)]
 14067 | D:9      | Slain by a two-headed ogre

Illustrated notes

Levels and vault maps discovered:
D:1:      dpeg_arrival_water_fire, layout_basic,
          ebering_ecumenical_altar_abandoned, minmay_liquid_box
D:2:      layout_basic, dk_noncrumbling_3
D:3:      layout_loops_ring, ebering_ghost_inner_flame, nrook_uturn
D:4:      layout_loops_ring, mainiacjoe_overflow_chevrons, serial_bayou,
          serial_bayou_pond_b, serial_bayou_shore_b, serial_bayou_crossing,
          serial_bayou_pond_b, gammafunk_ghost_grave, serial_shops,
          shop_fountains, uniq_pikel
D:5:      layout_gridville, minmay_temple_entry_overgrown, gup_sewer_entry_bowl,
          minmay_between, uniq_eustachio
D:6:      layout_rooms, mainiacjoe_overflow_tiny_flanked, uniq_prince_ribbit1
D:7:      layout_basic, mainiacjoe_overflow_alcove_1, kennysheep_windowed_goal
D:8:      layout_loops_ring, lightli_bailey_entry_fortress, uniq_gastronok
D:9:      layout_rooms, serial_shops, shop
D:10:     layout_loops_cross, kennysheep_slug_shrine,
          grunt_lair_entry_orc_guard_hut, columned_hall_lemuel
Temple:   nicolae_temple_no_exploring_needed

Skill      XL: |  1  2  3  4  5  6  7  8  9 10 11 |
---------------+----------------------------------+-----
Transmutations | 3 4 5 7 8 9 |  9.1
Unarmed Combat | 4 5 6 7 8 12 | 12.6
Poison Magic   | 1 2 4 |  4.8
Ice Magic      | 3 5 6 |  6.5
Conjurations   | 3 4 |  4.7
Fire Magic     | 3 4 |  4.8
Fighting       | |  1.1
Dodging        | |  1.7
Stealth        | |  0.4
Spellcasting   | |  2.5
Translocations | |  0.3
Invocations    | |  0.3

Action                   |  1- 3 |  4- 6 |  7- 9 | 10-12 || total
-------------------------+-------+-------+-------+-------++-------
Melee: Unarmed           |   166 |   139 |   289 |   192 ||   786
       Tailslap          |    14 |    13 |    18 |    15 ||    60
       Kick              |    11 |    23 |     1 |       ||    35
       Headbutt          |     6 |    18 |     3 |       ||    27
       Punch             |     1 |     2 |     3 |     3 ||     9
 Cast: Beastly Appendage |    16 |    18 |     2 |       ||    36
       Spider Form       |       |     2 |    12 |       ||    14
       Ice Form          |       |       |     7 |     5 ||    12
Invok: Ancestor Identity |       |       |     1 |       ||     1
       Ancestor Life: Kn |       |       |     1 |       ||     1
       Recall Ancestor   |       |       |       |     2 ||     2
  Use: Scroll            |     5 |       |     5 |     3 ||    13
       Potion            |       |     1 |     6 |     3 ||    10
 Stab: Sleeping          |     2 |       |       |       ||     2
       Distracted        |       |       |     1 |       ||     1
Armor: Skin              |    50 |    35 |    62 |    69 ||   216
Dodge: Dodged            |    95 |    69 |   248 |    91 ||   503
Block: Other             |       |       |    28 |    51 ||    79
       Reflection        |       |       |     2 |     2 ||     4
